 Dungeon Crawl Stone Soup version 0.23-a0-352-geaabbf3 (webtiles) character file.

28 Cryolive the Charmwright (level 3, -1/28 HPs)
             Began as a Merfolk Skald on Oct 20, 2018.
             Slain by a worm (5 damage)
             ... on level 2 of the Dungeon.
             The game lasted 00:04:28 (661 turns).

Cryolive the Charmwright (Merfolk Skald)             Turns: 661, Time: 00:04:28

Health: -1/28      AC:  6    Str: 11    XL:     3   Next: 12%
Magic:  2/6        EV:  9    Int: 13    God:
Gold:   55         SH:  0    Dex: 13    Spells: 5/6 levels left

rFire    . . .     SeeInvis .   a - +0 falchion
rCold    . . .     Gourm    .   (no shield)
rNeg     . . .     Faith    .   c - +0 scale mail
rPois    .         Spirit   .   (no helmet)
rElec    .         Reflect  .   (no cloak)
rCorr    .         Harm     .   (no gloves)
MR       .....                  (no boots)
Stlth    ..........             (no amulet)
HPRegen  0.09/turn              (no ring)
MPRegen  0.10/turn              (no ring)

@: infused, very slightly contaminated
A: change form in water, swift swim, stealthy swim
a: no special abilities


You were on level 2 of the Dungeon.
You were not hungry.

You visited 1 branch of the dungeon, and saw 2 of its levels.

You collected 55 gold pieces.

Inventory:

Hand Weapons
 a - a +0 falchion (weapon)
Armour
 b - a +0 leather armour
 c - a +0 scale mail (worn)
Scrolls
 f - 2 scrolls of amnesia {unknown}
 k - a scroll of remove curse {unknown}
Potions
 e - a potion of might {unknown}
 g - a potion of magic {unknown}
 h - a potion of curing {unknown}
 i - a potion of lignification {unknown}
 j - a potion of resistance {unknown}
 l - a potion of flight {unknown}
Comestibles
 d - 2 rations


   Skills:
 + Level 2.5 Fighting
 + Level 2.7 Long Blades
 + Level 0.7 Armour
 + Level 3.0 Dodging
 + Level 2.1 Spellcasting
 + Level 3.7 Charms


You had 5 spell levels left.
You knew the following spells:

 Your Spells              Type           Power        Failure   Level  Hunger
a - Infusion              Chrm           ##..         32%         1    ##.....

Your spell library contained the following spells:

 Spells                   Type           Power        Failure   Level  Hunger
 Song of Slaying          Chrm           ##......     45%         2    ###....
 Shroud of Golubria       Chrm/Tloc      #.........   73%         2    ###....
 Regeneration             Chrm/Necr      #.........   91%         3    ####...
 Spectral Weapon          Hex/Chrm       #.......     91%         3    ####...


Dungeon Overview and Level Annotations

Branches:
Dungeon (2/15)

Altars:


Message History

Confirm with . or Enter, or press ? or * to list all spells.
You miscast Infusion.
You are very lightly contaminated with residual magic.
Nothing appears to happen.
Casting: Infusion (safe; 32% risk of failure)
Confirm with . or Enter, or press ? or * to list all spells.
You begin infusing your attacks with magical energy.
The frilled lizard bites you but does no damage.
You hit the frilled lizard.
You kill the frilled lizard!
You completely miss the worm. You completely miss the worm.
The worm closely misses you.
You hit the worm.
The worm is lightly wounded.
The worm bites you.
* * * LOW HITPOINT WARNING * * *
You barely miss the worm.
The worm is lightly wounded.
The worm bites you.
You die...

.. #..............
... #.##.##.#......
.... #.#............
.....##.......##.....
....................♣
####.##..♣≈##..#...♣.
# #.P≈≈.<..# ...♣
#w≈≈≈≈#).# ...
#@≈≈♣P...# ..
###≈.##### # #..#
##.# #.# #.. ##


You could see a worm.

Vanquished Creatures
  A dart slug (D:1)
  A leopard gecko (D:1)
  A bat (D:1)
  A giant cockroach (D:1)
  5 goblins
  4 hobgoblins (D:1)
  2 jackals (D:1)
  5 frilled lizards
  2 rats (D:1)
22 creatures vanquished.

Notes
Turn   | Place    | Note
-------+----------+-------------------------------------------
     0 | D:1      | Cryolive the Merfolk Skald began the quest for the Orb.
     0 | D:1      | Reached XP level 1. HP: 16/16 MP: 3/3
    68 | D:1      | Reached XP level 2. HP: 18/23 MP: 5/5
   440 | D:1      | Reached XP level 3. HP: 28/28 MP: 6/6
   661 | D:2      | Slain by a worm

Vault maps used:
D:1:      erik_arrival_cave_to_civilisation
D:2:      serial_bayou, serial_bayou_lagoon_a, serial_bayou_shore_a,
          serial_bayou_pond_d, serial_bayou_pond_e,
          chequers_ecumenical_altar_simple_redux

Skill      XL: |  1  2  3 |
---------------+----------+-----
Dodging        | 3 |  3.0
Fighting       | |  2.5
Long Blades    | |  2.7
Armour         | |  0.7
Spellcasting   | |  2.1
Charms         | |  3.7

Action                   || total
-------------------------++-------
Melee: Falchion          ||    63
 Cast: Infusion          ||     3
Armor: Scale mail        ||    21
       Leather armour    ||     1
Dodge: Dodged            ||    22
       Rpst.: Falchion   ||     7

Table legend:
 A = Non-vault XP
 B = Vault XP
 C = Vault XP percentage of total XP
 D = Non-vault monster count
 E = Vault monster count
 F = Vault count percentage of total count
                 A         B        C        D         E       F
            +---------+---------+-------+---------+---------+-------
      Total |      40 |       0 |   0.0 |      22 |       0 |   0.0
            +---------+---------+-------+---------+---------+-------
        D:1 |      37 |       0 |   0.0 |      20 |       0 |   0.0
        D:2 |       3 |       0 |   0.0 |       2 |       0 |   0.0
            +---------+---------+-------+---------+---------+-------
